 Dungeon Crawl Stone Soup version 0.21.1-1-g345015f (webtiles) character file.

102 sking99 the Ruffian (level 4, 0/67 HPs)
             Began as a Troll Monk on July 1, 2018.
             Slain by a river rat (5 damage)
             ... summoned by Eustachio
             ... on level 4 of the Dungeon.
             The game lasted 00:04:28 (2435 turns).

sking99 the Ruffian (Troll Monk)                    Turns: 2435, Time: 00:04:28

Health: 0/67       AC: 22    Str: 20    XL:     4   Next: 50%
Magic:  3/3        EV:  1    Int:  6    God:
Gold:   116        SH:  7    Dex: 12    Spells: 3/3 levels left

rFire    . . .     SeeInvis .     - Unarmed
rCold    . . .     Gourm    +   o - +0 shield
rNeg     + + +     Faith    .   (armour currently unavailable)
rPois    +         Spirit   .   (helmet currently unavailable)
rElec    .         Reflect  .   (cloak currently unavailable)
rCorr    .         Harm     .   (gloves unavailable)
MR       .....     NoTele   +   (boots unavailable)
Stlth    ++........             (no amulet)
HPRegen  0.61/turn              (no ring)
MPRegen  0.08/turn              (no ring)

@: tree-form
A: large, unfitting armour, fast metabolism 3, gourmand, regeneration 1
a: no special abilities


You were on level 4 of the Dungeon.
You were completely stuffed.
You were a tree.
You visited 1 branch of the dungeon, and saw 4 of its levels.

You collected 116 gold pieces.

Inventory:

Armour
 a - a +0 robe (melded)
 o - a +0 shield (worn)
Jewellery
 g - an uncursed amulet of magic regeneration {unknown}
Wands
 p - a wand of random effects (17)
Scrolls
 c - 3 scrolls of identify {unknown}
 i - a scroll of enchant armour {unknown}
 j - a scroll of immolation {unknown}
 l - a scroll of teleportation {unknown}
 m - a scroll of amnesia {unknown}
Potions
 d - a potion of degeneration {unknown}
 e - a potion of lignification
 f - a potion of resistance {unknown}
 h - 3 potions of brilliance {unknown}
 k - a potion of flight {unknown}
 n - a potion of might {unknown}
Comestibles
 b - 4 rations
 q - a chunk of flesh


   Skills:
 + Level 3.1 Fighting
 - Level 2.4 Dodging
 - Level 1.0 Stealth
 + Level 0.2 Shields
 * Level 4.6 Unarmed Combat


You had 3 spell levels left.
You didn't know any spells.

Dungeon Overview and Level Annotations

Branches:
Dungeon (4/15)
 Temple: D:4-7

Altars:
Hepliaklqana
Yredelemnul
The Shining One

Annotations:
D:4 Eustachio


Innate Abilities, Weirdness & Mutations

You are too large for most types of armour.
((You have claws for hands.))
Your metabolism is lightning-fast.
You like to eat raw meat.
Your natural rate of healing is unusually fast.
((You are covered in fur. (AC +1)))
((You have very tough skin. (AC +2)))


Message History

The rat bites you but does no damage.
The river rat bites you but does no damage.
The white imp hits you.
* * * LOW HITPOINT WARNING * * *
The white imp freezes you.
* * * LOW HITPOINT WARNING * * *
You hit Eustachio.
Eustachio is heavily wounded.
Eustachio casts a spell.
Eustachio blinks!
You block the river rat's attack. The rat bites you but does no damage.
The river rat bites you.
* * * LOW HITPOINT WARNING * * *
The white imp hits you but does no damage.
You pummel the white imp!!
You kill the white imp!
The river rat bites you but does no damage. x2
The rat bites you but does no damage.
You hit the rat but do no damage. You block the river rat's attack.
The rat bites you but does no damage. The river rat bites you.
You die...

#..##....##...##.....##..
.............#########..
..##..........# #.. #
#...)##....# #..
##....##....# ###
#...........# ##..
#........<..# #...
#.....r....## ##..
#...r♣r....######+##'#
#..?.....(..#.....##..
#.....##@...#.........
#.....##....#.........
#......#...##.....##..
#......#...##.....##..
#......#..............
#.....(+..............
#.....##...##.....##..


You could see Eustachio, 2 river rats and a rat.

Vanquished Creatures
  A bullfrog skeleton (D:4)
  A hound skeleton (D:4)
  3 dart slugs
  2 leopard geckos
  2 orcs
  3 ball pythons
  9 bats
  3 giant cockroaches (D:3)
  2 hobgoblins
  2 jackals (D:4)
  5 quokkas
  2 frilled lizards (D:2)
  6 goblins
  4 kobolds
  4 rats
49 creatures vanquished.

Vanquished Creatures (others)
  An orc (D:4)
1 creature vanquished.

Grand Total: 50 creatures vanquished

Notes
Turn   | Place    | Note
-------+----------+-------------------------------------------
     0 | D:1      | sking99 the Troll Monk began the quest for the Orb.
     0 | D:1      | Reached XP level 1. HP: 22/22 MP: 0/0
   275 | D:1      | Reached XP level 2. HP: 29/29 MP: 1/1
  1075 | D:2      | Reached XP level 3. HP: 36/36 MP: 2/2
  1123 | D:2      | Found a glowing golden altar of the Shining One.
  1127 | D:2      | Found a basalt altar of Yredelemnul.
  1129 | D:2      | Noticed a profane servitor
  1169 | D:2      | Noticed an angel
  1552 | D:3      | Found a hazy altar of Hepliaklqana.
  1583 | D:3      | Reached skill level 4 in Unarmed Combat
  1604 | D:3      | Found a faded altar of an unknown god.
  2165 | D:4      | Reached XP level 4. HP: 34/45 MP: 3/3
  2408 | D:4      | Noticed Eustachio
  2435 | D:4      | Slain by a river rat

Skill      XL: |  1  2  3 |
---------------+----------+-----
Unarmed Combat | 4 |  4.6
Fighting       | 3 |  3.1
Dodging        | |  2.4
Stealth        | |  1.0
Shields        | |  0.2

Action                   |  1- 3 |  4- 6 || total
-------------------------+-------+-------++-------
Melee: Unarmed           |   106 |    35 ||   141
  Use: Potion            |       |     1 ||     1
 Stab: Sleeping          |     2 |       ||     2
  Eat: Chunk             |    19 |     5 ||    24
       Ration            |     1 |       ||     1
Armor: Robe              |    43 |    19 ||    62
       Skin              |       |    26 ||    26
Dodge: Dodged            |    67 |    19 ||    86
Block: Shield            |       |    24 ||    24
